 Dungeon Crawl Stone Soup version 0.31-a0-202-g547052bce9 (webtiles) character file.

Game seed: 1879781295308628494

224 qw the Skirmisher (level 5, -4/29 HPs)
             Began as a Deep Elf Hunter on June 26, 2023.
             Slain by an ogre
             ... wielding a +0 giant club
              (13 damage)
             ... on level 4 of the Dungeon.
             The game lasted 00:00:53 (2474 turns).

qw the Skirmisher (Deep Elf Hunter)                 Turns: 2474, Time: 00:00:54

Health: -4/29      AC: 10    Str: 10    XL:     5   Next: 67%
Magic:  7/7        EV:  9    Int: 14    God:
Gold:   101        SH:  0    Dex: 18    Spells: 4/4 levels left

rFire   . . .        Y - +1 shortbow
rCold   . . .        (shield currently unavailable)
rNeg    + . .        b - +0 scale mail
rPois   .            (no helmet)
rElec   .            (no cloak)
rCorr   .            i - +2 pair of gloves
SInv    .            f - +0 pair of boots
Will    .....        (no amulet)
Stlth   +            j - ring of positive energy
HPRegen 0.24/turn    (no ring)
MPRegen 0.10/turn

%: no passive effects
@: no status effects
A: no striking features
a: no special abilities


You were on level 4 of the Dungeon.
You visited 1 branch of the dungeon, and saw 4 of its levels.

You collected 101 gold pieces.


   Skills:
 - Level 1.5 Fighting
 + Level 8.8 Ranged Weapons
 - Level 1.3 Armour
 - Level 2.4 Dodging
 - Level 1.2 Stealth


You had 4 spell levels left.
You didn't know any spells.
Your spell library was empty.

Inventory:

Hand Weapons
 Y - a +1 shortbow (weapon)
Armour
 b - a +0 scale mail (worn)
 f - a +0 pair of boots (worn)
 i - a +2 pair of gloves (worn)
Jewellery
 j - a ring of positive energy (left hand)
Potions
 a - a potion of enlightenment {unknown}
 c - a potion of cancellation {unknown}
 e - 2 potions of curing {unknown}
 k - a potion of heal wounds {unknown}

Dungeon Overview and Level Annotations

Branches:
Dungeon (4/15)
 Temple: D:4-7

Altars:
Nemelex Xobeh


Message History

You kill the giant cockroach!
You now have 101 gold pieces (gained 13).
You see here a +0 falchion.
A scorpion and an ogre come into view.
The ogre shouts!
Enter note:
Enter note:
Enter note:
Enter note:
Enter note:
Enter note: You shoot an arrow.
The arrow barely misses the ogre.
You shoot an arrow. The arrow hits the scorpion!
The scorpion is moderately wounded.
You shoot an arrow. The arrow hits the scorpion!
The scorpion is severely wounded.
You shoot an arrow. The arrow barely misses the scorpion.
The scorpion closely misses you. The scorpion stings you.
You shoot an arrow.
The arrow hits the scorpion but does no damage.
The scorpion is severely wounded.
The scorpion stings you but does no damage.
You shoot an arrow. The arrow barely misses the scorpion.
The arrow hits the ogre.
The ogre is lightly wounded.
The scorpion barely misses you. The scorpion stings you.
You shoot an arrow. The arrow barely misses the scorpion.
The ogre closely misses you. The scorpion closely misses you.
You shoot an arrow. The arrow hits the scorpion.
You kill the scorpion!
The ogre hits you with a +0 giant club!
Ouch! That really hurt!
You shoot an arrow.
The arrow hits the ogre but does no damage.
The ogre is lightly wounded.
The ogre closely misses you.
You shoot an arrow. The arrow hits the ogre!
The ogre is heavily wounded.
The ogre hits you with a +0 giant club!
You die...

#..........# ..........
........ .. #. #......
... .. . .....#.... ..
.. ....#.... .# ...
#$O..#... .## .....
#@..##... ..## ......#
###........
(..#........##.#........
.(<....#.......#...####.
#.##.###...........# #.
####.# .........)..##...
#....##.................
.......................#
.....##..............###


You could see an ogre.

Vanquished Creatures
  A scorpion (D:4)
  A sleepcap (D:4)
  9 adders
  A worm (D:4)
  A dart slug (D:1)
  An orc (D:3)
  9 ball pythons
  2 endoplasms
  3 giant cockroaches
  6 goblins
  2 hobgoblins (D:1)
  2 jackals (D:3)
  4 kobolds
  6 quokkas
  6 bats
  A frilled lizard (D:3)
  2 rats
57 creatures vanquished.

Notes
Turn   | Place    | Note
-------+----------+-------------------------------------------
     0 | D:1      | qw the Deep Elf Hunter began the quest for the Orb.
     0 | D:1      | Reached XP level 1. HP: 12/12 MP: 3/3
     0 | D:1      | 0 ||| qw: Version: 0.3-a-22-g0ed2b0b
     0 | D:1      | 0 ||| qw: Game counter: 5852
     0 | D:1      | 0 ||| qw: Melee chars always use a shield: true
     0 | D:1      | 0 ||| qw: God list: Okawaru
     0 | D:1      | 0 ||| qw: Allow faded altars: false
     0 | D:1      | 0 ||| qw: Do Orc after clearing Dungeon:15 true
     0 | D:1      | 0 ||| qw: Do second Lair branch before Depths: true
     0 | D:1      | 0 ||| qw: Lair rune preference: random
     0 | D:1      | 0 ||| qw: Goals: Normal
     0 | D:1      | 0 ||| PLANNING D:1-11
   179 | D:1      | Reached skill level 6 in Ranged Weapons
   179 | D:1      | Reached XP level 2. HP: 16/16 MP: 4/4
   622 | D:1      | 622 ||| DROPPING ring of magical power.
   623 | D:1      | 623 ||| READING scroll labelled KEXOWYE REOK.
   624 | D:1      | 624 ||| DROPPING scroll of butterflies.
   944 | D:2      | 944 ||| Stepping ~*~*~tactically~*~*~ (water).
   973 | D:2      | 973 ||| Stepping ~*~*~tactically~*~*~ (water).
  1012 | D:2      | 1012 ||| Stepping ~*~*~tactically~*~*~ (water).
  1014 | D:2      | 1014 ||| Stepping ~*~*~tactically~*~*~ (water).
  1016 | D:2      | 1016 ||| Stepping ~*~*~tactically~*~*~ (water).
  1018 | D:2      | 1018 ||| Stepping ~*~*~tactically~*~*~ (water).
  1020 | D:2      | 1020 ||| Stepping ~*~*~tactically~*~*~ (water).
  1023 | D:2      | Reached XP level 3. HP: 20/20 MP: 5/5
  1298 | D:2      | Reached skill level 7 in Ranged Weapons
  1622 | D:2      | 1622 ||| UPGRADING to +0 scale mail.
  1632 | D:2      | 1632 ||| DROPPING +0 leather armour.
  1633 | D:2      | 1633 ||| UPGRADING to +0 pair of boots.
  1638 | D:2      | 1638 ||| UPGRADING to +2 pair of gloves.
  1643 | D:2      | 1643 ||| UPGRADING to ring of positive energy.
  1644 | D:2      | 1644 ||| READING scroll labelled UMNOIZ IWAMU.
  1645 | D:2      | 1645 ||| READING scroll labelled YJAMOMM UJYELI.
  1646 | D:2      | 1646 ||| READING scroll labelled MASHRE HIJUUFRUC.
  1647 | D:2      | 1647 ||| READING scroll labelled HOL FUDOETOE.
  1648 | D:2      | 1648 ||| READING scroll labelled UVAMU YVYXZOOQ.
  1665 | D:3      | 1665 ||| STAIRDANCE
  1731 | D:3      | Reached XP level 4. HP: 25/25 MP: 6/6
  1909 | D:3      | Found a sparkling altar of Nemelex Xobeh.
  2225 | D:3      | Reached skill level 8 in Ranged Weapons
  2316 | D:3      | 2316 ||| READING scroll labelled RUXEGI TAUN.
  2370 | D:4      | Reached skill level 1 in Armour
  2370 | D:4      | Reached XP level 5. HP: 28/29 MP: 7/7
  2464 | D:4      | Noticed an ogre
  2474 | D:4      | Slain by an ogre

Levels and vault maps discovered:
D:1:      heliophobic_arrival_battle_scene, layout_loops_ring
D:2:      layout_basic, kennysheep_boxes
D:3:      layout_basic, nemelex_diamond_rough_becter, kennysheep_flooded_box
D:4:      layout_cave_pools

Skill      XL: |  1  2  3  4 |
---------------+-------------+-----
Ranged Weapons | 6 7 8 |  8.8
Armour         | 1 |  1.3
Fighting       | |  1.5
Dodging        | |  2.4
Stealth        | |  1.2

Action                     |  1- 3 |  4- 6 || total
---------------------------+-------+-------++-------
   Fire: Shortbow          |    93 |    93 ||   186
    Use: Scroll            |     6 |     1 ||     7
 Armour: Leather armour    |     2 |       ||     2
         Scale mail        |     6 |    32 ||    38
  Dodge: Dodged            |    17 |    34 ||    51

Table legend:
 A = Non-vault XP
 B = Vault XP
 C = Vault XP percentage of total XP
 D = Non-vault monster count
 E = Vault monster count
 F = Vault count percentage of total count
                 A         B        C        D         E       F
            +---------+---------+-------+---------+---------+-------
      Total |     321 |       0 |   0.0 |      57 |       0 |   0.0
            +---------+---------+-------+---------+---------+-------
        D:1 |      26 |       0 |   0.0 |      13 |       0 |   0.0
        D:2 |      52 |       0 |   0.0 |      17 |       0 |   0.0
        D:3 |      72 |       0 |   0.0 |      17 |       0 |   0.0
        D:4 |     171 |       0 |   0.0 |      10 |       0 |   0.0
            +---------+---------+-------+---------+---------+-------
